 Dungeon Crawl Stone Soup version bcrawl-1.21 (webtiles) character file.

Game seed: 14119320460181904828

1064 Freyura the Spear-Bearer (level 8, -6/61 HPs)
             Began as a Merfolk Gladiator on Feb 9, 2020.
             Was an Initiate of Ru.
             Mangled by a centaur (8 damage)
             ... on level 5 of the Dungeon.
             The game lasted 00:13:48 (4912 turns).

Freyura the Spear-Bearer (Merfolk Gladiator)        Turns: 4912, Time: 00:13:48

Health: -6/61      AC:  5    Str: 14    XL:     8   Next: 27%
Magic:  0/8        EV: 16    Int:  7    God:    Ru [......]
Gold:   286        SH:  5    Dex: 18    Spells: 7/7 levels left

rFire    . . .     SeeInvis .   a - +0 trident
rCold    . . .     Gourm    .   b - +0 buckler
rNeg     . . .     Faith    .   n - +0 robe
rPois    .         Spirit   +   c - +1 helmet
rElec    .         Reflect  .   (no cloak)
rCorr    .         Harm     .   (no gloves)
MR       .....                  f - +0 pair of boots
Stlth    +++.......             o - amulet of guardian spirit
HPRegen  0.20/turn              (no ring)
MPRegen  0.11/turn              (no ring)

@: no status effects
A: change form in water, swift swim, stealthy swim, subdued magic 1, MP-powered
wands
a: Renounce Religion


You were on level 5 of the Dungeon.
You worshipped Ru.
Ru was noncommittal.
You were not hungry.

You visited 2 branches of the dungeon, and saw 6 of its levels.

You collected 286 gold pieces.

Inventory:

Hand Weapons
 a - a +0 trident (weapon)
Missiles
 d - 4 throwing nets (quivered) {!f}
Armour
 b - a +0 buckler (worn)
 c - a +1 helmet (worn)
 f - a +0 pair of boots (worn)
 n - a +0 robe (worn)
Jewellery
 o - an amulet of guardian spirit (around neck)
Scrolls
 g - a scroll of immolation
 h - 2 scrolls of identify
 i - a scroll of teleportation
 k - a scroll of fog {unknown}
Potions
 j - a potion of mutation
 l - 2 potions of flight {unknown}
 q - a potion of invisibility {unknown}
Comestibles
 e - 5 rations {!d}


   Skills:
 + Level 4.9 Fighting
 * Level 9.4 Polearms
 - Level 2.0 Throwing
 + Level 6.6 Dodging
 + Level 4.4 Stealth
 + Level 2.1 Shields


You had 7 spell levels left.
You didn't know any spells.
Your spell library was empty.

Dungeon Overview and Level Annotations

Branches:
Dungeon (5/12)             Temple (1/1) D:4

Altars:
Ashenzari
Dithmenos
Elyvilon
Fedhas
Gozag
Hepliaklqana
Kikubaaqudgha
Lugonu
Nemelex Xobeh
Okawaru
Qazlal
Ru
Sif Muna
Trog
Uskayaw
Vehumet
Wu Jian
Xom
Yredelemnul
Zin
The Shining One


Innate Abilities, Weirdness & Mutations

You revert to your normal form in water.
You are very nimble and swift while swimming.
You are very stealthy in the water. (Stealth+)
Your spells are a little easier to cast, but a little less powerful.
You expend magic power (3 MP) to strengthen your wands.


Message History

The centaur is lightly wounded.
The centaur barely misses you.
The orc wizard gestures wildly while chanting.
The orc wizard seems to speed up.
The centaur closely misses you.
You puncture the centaur!
The centaur is heavily wounded.
The centaur barely misses you.
You hit the centaur.
The centaur is severely wounded.
The centaur hits you.
* * * LOW HITPOINT WARNING * * *
The orc wizard points at you and mumbles some strange words.
The magic dart hits you!
* * * LOW HITPOINT WARNING * * *
You hit the centaur.
The centaur is almost dead.
The centaur hits you.
* * * LOW HITPOINT WARNING * * *
The centaur hits you!
You die...

#.....#
#.....# ####
#...### #....
##..# #.### #
#..# #.. #.##
##..# #.# ...
#..># ...#
##.##.####o###
### #
.......ooc@# #
##.####.#### #
#...).# #
#.##..# # ..
#..# # #. ...#
.. #..# # #...
#..#


You could see a centaur, an orc wizard and 2 orcs.

Vanquished Creatures
  3 sky beasts
  A phantom (D:4)
  An ogre (D:4)
  A bullfrog (D:5)
  A scorpion (D:4)
  2 crimson imps
  An orc priest (D:4)
  4 orc wizards
  3 worker ants
  3 gnolls (D:5)
  6 adders
  2 oozes
  An adder zombie (D:5)
  2 worms
  2 dart slugs
  6 leopard geckos
  13 orcs
  7 bats
  3 giant cockroaches
  3 goblins
  12 hobgoblins
  18 jackals
  3 quokkas
  5 frilled lizards
  6 kobolds
  5 rats
114 creatures vanquished.

Notes
Turn   | Place    | Note
-------+----------+-------------------------------------------
     0 | D:1      | Freyura the Merfolk Gladiator began the quest for the Orb.
     0 | D:1      | Reached XP level 1. HP: 16/16 MP: 1/1
   128 | D:1      | Reached XP level 2. HP: 23/23 MP: 2/2
   191 | D:1      | Reached skill level 1 in Stealth
   197 | D:1      | Reached skill level 5 in Polearms
   222 | D:1      | Reached XP level 3. HP: 24/28 MP: 3/3
   700 | D:2      | Noticed a sky beast
   709 | D:2      | HP: 1/28 [sky beast (5)]
   715 | D:2      | Killed a sky beast
   715 | D:2      | Reached skill level 6 in Polearms
   715 | D:2      | Reached XP level 4. HP: 4/35 MP: 4/4
   715 | D:2      | Reached XP level 5. HP: 4/41 MP: 5/5
  1112 | D:2      | Reached skill level 5 in Dodging
  1279 | D:2      | Found a hazy altar of Hepliaklqana.
  1889 | D:3      | Found a glowing golden altar of the Shining One.
  2238 | D:3      | Reached XP level 6. HP: 43/47 MP: 6/6
  2289 | D:3      | Reached skill level 7 in Polearms
  2479 | D:3      | Found a basalt altar of Yredelemnul.
  2529 | D:3      | Found a glowing golden altar of the Shining One.
  2533 | D:3      | Noticed a profane servitor
  2547 | D:3      | Noticed an angel
  2892 | D:4      | Gained mutation: Your spells are a little easier to cast,
                  | but a little less powerful. [potion of mutation]
  2892 | D:4      | Gained mutation: You expend magic power (3 MP) to
                  | strengthen your wands. [potion of mutation]
  2895 | D:4      | Noticed a phantom
  2929 | D:4      | Killed a phantom
  2944 | D:4      | Noticed a sky beast
  2962 | D:4      | Killed a sky beast
  2962 | D:4      | Reached XP level 7. HP: 41/54 MP: 4/7
  3037 | D:4      | Found a staircase to the Ecumenical Temple.
  3051 | D:4      | Reached skill level 8 in Polearms
  3091 | Temple   | Entered the Ecumenical Temple
  3415 | Temple   | Became a worshipper of Ru the Awakened
  3742 | D:4      | Reached skill level 1 in Shields
  4314 | D:5      | Entered Level 5 of the Dungeon
  4340 | D:5      | Reached skill level 9 in Polearms
  4340 | D:5      | Reached XP level 8. HP: 28/61 MP: 1/8
  4912 | D:5      | HP: 2/61 [centaur (5)]
  4912 | D:5      | Mangled by a centaur

Skill      XL: |  1  2  3  4  5  6  7  8 |
---------------+-------------------------+-----
Stealth        | 1 2 3 4 |  4.4
Polearms       | 5 6 7 9 |  9.4
Fighting       | 3 4 |  4.9
Dodging        | 5 6 |  6.6
Shields        | 1 2 |  2.1
Throwing       | |  2.0

Action                   |  1- 3 |  4- 6 |  7- 9 || total
-------------------------+-------+-------+-------++-------
Melee: Trident           |   104 |   234 |   211 ||   549
  Use: Potion            |     1 |     1 |     2 ||     4
       Scroll            |       |    10 |       ||    10
 Stab: Sleeping          |       |    13 |     2 ||    15
       Distracted        |       |     1 |       ||     1
  Eat: Chunk             |       |     7 |     6 ||    13
Armor: Leather armour    |    23 |    19 |       ||    42
       Robe              |       |    43 |    20 ||    63
Dodge: Dodged            |    67 |   175 |   117 ||   359
Block: Buckler           |       |       |    28 ||    28
